Map: Dusk Towers

Players

LilDicky

  • Race: Terran Terran
  • League: Diamond

Koralin - Winner!

  • Race: Terran Terran
  • League: Diamond

VOD

http://www.twitch.tv/tumescentpie

Description

Time

  • Played on: Nov. 29, 2015, 2:19 p.m.
  • Length: 17:07
Show
View Real Time Build Order
Export as new Build Order

LilDicky Terran 

Build Orders: Bio Tank, MMM Bio 

Get SALT Encoding   

  12  0:01  SCV  
  13  0:13  SCV  
  14  0:18  Supply Depot  
  14  0:25  SCV  
  15  0:31  Refinery  
  15  0:39  SCV  
  16  0:48  Barracks  
  16  0:52  SCV  
  17  1:04  SCV  
  18  1:16  SCV  
  19  1:28  SCV  
  19  1:29  Barracks x2  
  20  1:41  Reaper  
  20  1:44  Supply Depot  
  20  1:49  Refinery  
  20  1:59  Orbital Command  
  20  2:10  Bunker  
  20  2:16  Reaper  
  21  2:27  Reaper  
  21  2:28  Reaper  
  23  2:30  SCV  
  24  2:48  Reaper  
  25  2:51  Supply Depot  
  25  2:56  SCV  
  26  2:59  Reaper  
  26  3:00  Reaper  
  28  3:08  SCV  
  29  3:19  Supply Depot  
  29  3:20  Reaper  
  29  3:21  SCV  
  31  3:31  Reaper  
  31  3:32  Reaper  
  31  3:52  Reaper  
  30  4:03  Reaper  
  30  4:04  Reaper  
  31  4:24  SCV  
  33  4:35  Command Center  
  33  4:37  SCV, Refinery, Barracks  
  35  4:40  Refinery  
  35  4:41  Factory  
  28  5:01  SCV  
  28  5:02  Barracks Tech Lab x2  
  29  5:09  Barracks Reactor  
  29  5:24  Combat Shields, Stimpack  
  29  5:26  Barracks Reactor  
  29  5:29  Command Center  
  29  5:31  Starport  
  29  5:32  Factory Tech Lab  
  29  5:35  Supply Depot, Marine x2  
  29  5:37  SCV  
  32  5:44  Marine  
  32  5:49  SCV  
  34  5:53  Orbital Command, Marine x2  
  36  6:01  SCV  
  37  6:04  Siege Tank  
  40  6:13  Starport Reactor  
  40  6:14  Marine x2  
  42  6:20  SCV  
  42  6:22  SCV, Marine  
  42  6:24  Marine  
  46  6:42  Marine x2  
  46  6:43  Marauder x2  
  46  6:45  Siege Tank  
  54  6:52  Orbital Command  
  54  6:56  Medivac  
  56  7:21  Marine x3  
  62  7:22  Marauder  
  62  7:23  Siege Tank, Marauder  
  62  7:25  SCV, Marine  
  62  7:27  SCV  
  67  7:34  Viking  
  69  7:39  Marine  
  69  7:40  Viking  
  69  7:41  SCV x3  
  69  7:44  Marine  
  76  7:53  SCV  
  76  7:57  Marine x2  
  79  8:02  Engineering Bay  
  79  8:04  SCV x2, Engineering Bay, Medivac  
  83  8:10  Medivac  
  85  8:13  Supply Depot  
  85  8:22  Marine  
  85  8:34  Missile Turret, Marine x2  
  85  8:35  SCV, Siege Tank, Missile Turret, Marauder  
  93  8:51  Supply Depot, Medivac x2, Marine x3  
  93  8:52  Supply Depot  
  93  8:54  Supply Depot  
  93  8:55  Terran Infantry Weapons Level 1  
  100  9:00  Terran Infantry Armor Level 1  
  100  9:02  SCV  
  101  9:12  Marine x2  
  103  9:20  Marine x3  
  103  9:21  Medivac, Marine  
  109  9:25  Supply Depot  
  109  9:26  SCV  
  109  9:28  Supply Depot  
  110  9:39  Marauder  
  110  9:40  SCV x3  
  113  9:47  Marine x2  
  104  9:55  Command Center  
  62  10:43  Marine  
  62  10:44  Marauder  
  57  11:10  Marine x2  
  53  11:11  Marine x2  
  53  11:12  Marine x2  
  54  11:26  Viking, Siege Tank  
  54  11:27  Viking  
  54  11:28  Marine x2  
  54  11:29  Marine x3  
  54  11:30  Marauder  
  54  11:31  Orbital Command  
  68  11:36  SCV  
  69  11:41  SCV x2  
  69  11:45  Marine  
  69  11:46  Marine  
  73  11:58  SCV x2, Missile Turret x3, Marine  
  73  11:59  Missile Turret x2, Marine x3  
  73  12:00  Missile Turret  
  79  12:03  Marine x2  
  79  12:04  Missile Turret  
  79  12:05  Viking x2  
  79  12:06  Siege Tank  
  79  12:07  SCV  
  89  12:11  Supply Depot  
  89  12:12  Supply Depot  
  89  12:13  Armory  
  89  12:14  SCV  
  90  12:16  Marine x3  
  90  12:17  SCV x2, Marine  
  90  12:19  SCV  
  90  12:21  Marine  
  98  12:26  SCV  
  98  12:29  SCV x2  
  101  12:30  Refinery  
  101  12:35  Medivac  
  101  12:36  Medivac  
  105  12:37  SCV  
  105  12:38  Marine x3  
  105  12:39  SCV  
  105  12:41  SCV x2  
  112  12:48  Siege Tank  
  112  12:49  SCV  
  112  12:51  SCV  
  117  12:55  Concussive Shells  
  117  12:56  Starport  
  117  13:02  Supply Depot  
  117  13:03  SCV  
  118  13:05  Missile Turret  
  118  13:08  SCV x2, Missile Turret  
  120  13:15  SCV  
  121  13:22  Marine  
  121  13:23  Marauder, Marine x4  
  121  13:26  Command Center, Viking  
  126  13:40  Marine  
  127  13:46  Starport Reactor  
  123  14:03  Marine x2  
  123  14:04  Viking x2  
  123  14:05  Siege Tank, Missile Turret  
  123  14:06  Marine x2  
  123  14:07  SCV, Marauder  
  137  14:11  Marine  
  138  14:20  Marine  
  138  14:22  SCV  
  140  14:25  Viking x2  
  140  14:28  Marauder  
  140  14:30  Marauder  
  148  14:34  Viking x2  
  148  14:37  Supply Depot  
  148  14:38  Terran Vehicle And Ship Armor Level 1  
  152  14:39  Terran Infantry Weapons Level 2, Terran Infantry Armor Level 2  
  134  14:51  Marine x4  
  134  14:52  Marauder  
  128  14:53  Marauder  
  128  14:55  Viking  
  128  14:57  Viking  
  132  15:02  Missile Turret  
  132  15:04  Viking x2, Missile Turret  
  132  15:05  Orbital Command  
  136  15:10  Missile Turret  
  136  15:14  Marauder x2  
  137  15:17  Refinery, Marine x2  
  137  15:18  Refinery  
  139  15:22  SCV x3  
  139  15:25  Viking  
  144  15:29  Marine x2  
  144  15:31  Missile Turret  
  144  15:35  Marauder x2, Marine  
  151  15:38  Marine  
  151  15:39  Missile Turret, Medivac  
  151  15:40  Medivac x2  
  158  15:46  Missile Turret  
  158  15:47  Marine x2  
  160  15:53  Marine  
  160  15:56  Marauder, Marine  
  166  15:57  Marauder  
  166  15:58  SCV x3  
  169  16:18  Marauder  
Show
View Real Time Build Order
Export as new Build Order

Koralin Terran - Winner!

Build Orders: Command Center First (CC) 

Get SALT Encoding   

  12  0:01  SCV  
  13  0:13  SCV  
  14  0:26  SCV  
  14  0:27  Supply Depot  
  15  0:49  SCV  
  16  1:01  Command Center, SCV  
  17  1:13  Barracks  
  17  1:15  SCV  
  18  1:23  Refinery  
  18  1:31  Refinery  
  19  1:32  SCV  
  19  1:45  SCV  
  20  2:03  Marine  
  20  2:04  Orbital Command  
  21  2:12  Factory  
  21  2:21  Marine  
  22  2:26  Orbital Command  
  22  2:32  SCV  
  23  2:44  SCV, Marine  
  25  2:56  SCV x2  
  27  2:59  Starport  
  27  3:00  Hellion  
  27  3:02  Marine  
  30  3:15  SCV x2  
  32  3:27  SCV x2  
  32  3:29  Hellion  
  32  3:33  Marine  
  31  3:43  Viking  
  31  3:46  SCV x2  
  34  3:50  Marine  
  34  3:51  Hellion  
  33  4:08  Marine  
  33  4:14  Supply Depot  
  33  4:18  Hellion, Viking  
  33  4:22  SCV x2  
  38  4:26  Refinery  
  38  4:28  Refinery  
  38  4:32  Supply Depot  
  38  4:36  Marine  
  37  4:58  Starport Tech Lab  
  38  5:05  Command Center  
  38  5:06  SCV x2  
  40  5:12  Command Center  
  38  5:16  Raven  
  38  5:18  Factory Tech Lab  
  40  5:24  Marine  
  40  5:27  SCV  
  40  5:28  SCV  
  43  5:37  Engineering Bay  
  43  5:39  Armory  
  43  5:40  Armory  
  43  5:41  SCV x2  
  43  5:42  Supply Depot, Siege Tank  
  48  5:43  Marine  
  49  5:53  SCV  
  50  6:01  Marine  
  50  6:04  Raven  
  53  6:05  Explosive Shrapnel Shells  
  53  6:07  SCV x2  
  55  6:12  Missile Turret  
  55  6:14  Hellion  
  55  6:17  Missile Turret  
  55  6:18  Missile Turret  
  57  6:22  Missile Turret  
  57  6:27  Hi-Sec Auto Tracking  
  57  6:31  Orbital Command  
  57  6:36  Orbital Command  
  57  6:40  Terran Vehicle And Ship Armor Level 1  
  57  6:46  Siege Tank  
  60  6:52  Terran Vehicle Weapons Level 1  
  60  6:56  SCV x2  
  62  7:04  Sensor Tower  
  62  7:10  Infernal Pre-Igniter  
  62  7:13  SCV x2  
  62  7:14  SCV  
  65  7:32  Raven  
  65  7:34  Siege Tank  
  70  7:49  Building Armor  
  70  7:52  Marine  
  70  7:54  Command Center  
  70  7:57  SCV x4  
  75  8:07  Starport  
  75  8:08  Starport  
  75  8:15  Raven  
  77  8:29  Siege Tank  
  77  8:32  SCV x2  
  78  8:40  Terran Vehicle And Ship Armor Level 2  
  78  8:46  Terran Ship Weapons Level 1, Starport Tech Lab x2  
  78  8:51  SCV x4  
  78  8:53  Refinery  
  82  8:56  Refinery  
  82  9:09  Hellbat  
  85  9:10  Raven  
  87  9:18  Barracks Reactor  
  86  9:26  Raven  
  86  9:30  Hellbat  
  90  9:34  Terran Infantry Weapons Level 1  
  90  9:37  Barracks  
  90  9:51  Hellbat  
  89  10:13  Hellbat  
  77  10:34  Hellbat  
  77  10:39  Banshee  
  76  10:54  Raven  
  76  11:14  Planetary Fortress  
  76  11:20  Starport Tech Lab  
  76  11:22  Banshee  
  79  11:27  Marine x2  
  79  11:32  Missile Turret  
  81  11:35  Missile Turret  
  81  11:37  SCV, Raven  
  84  11:40  Terran Vehicle And Ship Armor Level 3  
  84  11:42  Terran Infantry Weapons Level 2  
  84  11:44  Marine, Hellbat  
  84  11:45  Marine  
  88  11:49  SCV  
  89  11:56  Missile Turret  
  89  11:58  Missile Turret  
  89  11:59  Raven  
  89  12:01  SCV  
  92  12:02  Marine x2  
  92  12:05  Banshee, Hellbat  
  99  12:24  Missile Turret  
  99  12:30  Command Center  
  99  12:32  Refinery  
  99  12:33  Supply Depot  
  99  12:40  Command Center, Hellbat, Missile Turret, Marine x2  
  103  12:50  Raven  
  103  12:51  Raven  
  105  12:56  Supply Depot  
  105  12:58  Marine x2  
  109  13:00  Missile Turret  
  109  13:02  Hellbat  
  111  13:12  Marine  
  112  13:13  Raven  
  112  13:15  Marine  
  112  13:18  Marine  
  112  13:19  Supply Depot  
  116  13:22  Missile Turret  
  116  13:23  Hellbat  
  118  13:29  Marine  
  118  13:33  Raven, Marine  
  122  13:34  Corvid Reactor  
  122  13:35  Marine  
  123  13:42  Supply Depot  
  123  13:47  Marine  
  124  13:51  Planetary Fortress, Marine  
  124  13:52  SCV x4  
  124  13:53  Refinery, Marine  
  130  14:04  Fusion Core  
  130  14:05  Supply Depot, Marine, Hellbat  
  130  14:09  Marine  
  134  14:11  SCV  
  134  14:13  Refinery  
  135  14:22  Viking x2  
  135  14:23  Terran Ship Weapons Level 2, SCV  
  140  14:24  Terran Vehicle Weapons Level 2  
  140  14:26  Terran Infantry Armor Level 1, Hellbat  
  140  14:29  Supply Depot  
  142  14:35  SCV  
  142  14:37  Refinery x2  
  143  14:48  Hellbat  
  145  15:04  Barracks Tech Lab, Marine x2  
  147  15:09  Hellbat  
  149  15:18  SCV  
  149  15:20  Command Center  
  150  15:22  Marine x2  
  150  15:28  Combat Shields  
  152  15:29  Command Center  
  152  15:30  SCV, Hellbat, Battlecruiser x3  
  152  15:32  Behemoth Reactor  
  152  15:35  Supply Depot  
  173  15:40  Marine  
  174  15:47  Planetary Fortress  
  174  15:52  Missile Turret  
  174  15:58  Marine x3  
  175  16:12  Missile Turret  
  175  16:15  Siege Tank, Marine x2  
  177  16:33  Refinery  
  177  16:34  Missile Turret  
  168  16:55  Missile Turret  
Tags
 
Add a new tag
Caveats
  • Supply blocks, unpowered buildings, or Contaminate may cause inaccurate times.
  • Supply counts are checked every 10 seconds.